 Dungeon Crawl Stone Soup version 0.32-a0-999-gfa1cc04b1d (webtiles) character file.

Game seed: 562905357185393495

54862 BubbleThief the Fighter (level 14, -4/120 HPs)
             Began as a Demonspawn Necromancer on Apr 26, 2024.
             Was the Champion of Kikubaaqudgha.
             Killed from afar by a kobold blastminer (31 damage)
             ... with an iron shot
             ... on level 1 of the Orcish Mines.
             The game lasted 01:15:48 (21198 turns).

BubbleThief the Fighter (Demonspawn Necromancer)   Turns: 21198, Time: 01:15:48

Health: -4/120     AC: 27    Str: 16    XL:     14   Next: 36%
Magic:  20/23      EV:  9    Int: 21    God:    Kikubaaqudgha [******]
Gold:   1572       SH:  7    Dex: 18    Spells: 5/25 levels left

rFire   . . .        D - +1 spear (pain)
rCold   + . .        t - +2 buckler {rC+}
rNeg    . . .        O - +8 chain mail "Yrchaudyo" {Int+4}
rPois   .            (helmet unavailable)
rElec   .            v - scarf {shadows}
rCorr   .            x - +0 pair of gloves
SInv    +            K - +5 pair of boots of Orthodoxy {Will+ Str+4 Dex+4}
Will    ++...        H - amulet of regeneration
Stlth   +            e - ring of flight
HPRegen 1.20/turn    N - +4 ring of slaying
MPRegen 0.18/turn

%: no passive effects
@: animating dead, flying, wreathed by umbra
A: antennae 3, demonic guardian 2, augmentation 1, sturdy frame 2, foul shadow 2
a: Renounce Religion, Unearth Wretches, Torment


You were on level 1 of the Orcish Mines.
You worshipped Kikubaaqudgha.
Kikubaaqudgha was exalted by your worship.
You visited 3 branches of the dungeon, and saw 16 of its levels.
You also visited: Bailey and Ice Cave.

You collected 1572 gold pieces.

Inventory:

Hand Weapons
 D - a +1 spear of pain (weapon)
Missiles
 M - 5 curare-tipped darts
Armour
 t - a +2 buckler of cold resistance (worn)
 v - a scarf of shadows (worn)
 x - a +0 pair of gloves (worn)
 K - the +5 pair of boots of Orthodoxy (worn) {Will+ Str+4 Dex+4}
   (You found it in an ice cave)

   Str+4:     It affects your strength (+4).
   Dex+4:     It affects your dexterity (+4).
   Will+:     It increases your willpower.
 O - the +8 chain mail "Yrchaudyo" (worn) {Int+4}
   (You found it on level 9 of the Dungeon)

   Int+4:     It affects your intelligence (+4).
Jewellery
 e - a ring of flight (left hand)
 s - a ring of wizardry
 H - an amulet of regeneration (around neck)
 N - a +4 ring of slaying (right hand)
Wands
 a - a wand of charming (18)
 l - a wand of flame (9)
 o - a wand of mindburst (22)
 A - a wand of iceblast (7)
 E - a wand of polymorph (7)
Scrolls
 f - a scroll of identify
 h - 5 scrolls of enchant weapon
 j - 6 scrolls of teleportation
 n - 5 scrolls of fog
 y - 2 scrolls of blinking
 C - a scroll of amnesia
 I - 2 scrolls of brand weapon
 P - a scroll of revelation
 Q - a scroll of enchant armour
 S - 2 scrolls of butterflies
Potions
 b - 3 potions of magic
 g - 4 potions of lignification
 i - 2 potions of attraction
 m - 2 potions of brilliance {unknown}
 p - 5 potions of mutation
 q - 6 potions of curing
 r - 2 potions of ambrosia {unknown}
 u - 3 potions of resistance {unknown}
 w - a potion of invisibility {unknown}
 z - a potion of haste {unknown}
 B - 6 potions of enlightenment
 J - 2 potions of cancellation {unknown}
 L - 4 potions of heal wounds
Miscellaneous
 G - a condenser vane
 R - a phial of floods


   Skills:
 + Level 14.0 Fighting
 - Level 12.0 Polearms
 + Level 9.2 Armour
 - Level 1.7 Dodging
 - Level 1.7 Stealth
 - Level 5.0 Shields
 - Level 6.0 Spellcasting
 - Level 13.0 Necromancy


You had 5 spell levels left.
You knew the following spells:

 Your Spells              Type           Power      Damage    Failure   Level
a - Necrotise             Necr           100%       1d9       1%          1
b - Vampiric Draining     Necr           57%        2d10      1%          3
c - Animate Dead          Necr           57%        N/A       1%          4
d - Fugue of the Fallen   Necr           57%        N/A       1%          3
e - Dispel Undead         Necr           57%        3d20      1%          4
f - Curse of Agony        Necr           57%        N/A       4%          5

Your spell library contained the following spells:

 Spells                   Type           Power      Damage    Failure   Level
 Kiss of Death            Conj/Necr      100%       2d13      2%          1
 Cigotuvi's Dreadful Rot  Necr/Alch/Air  48%        N/A       9%          2
 Anguish                  Hex/Necr       16%        N/A       24%         4
 Martyr's Knell           Necr/Summ      33%        N/A       24%         4
 Apportation              Tloc           12%        N/A       34%         1
 Freeze                   Ice            24%        1d4       34%         1
 Magic Dart               Conj           24%        1d4       34%         1
 Sting                    Conj/Alch      24%        1d4       34%         1
 Summon Small Mammal      Summ           24%        N/A       34%         1
 Blink                    Tloc           12%        N/A       47%         2
 Call Imp                 Summ           12%        N/A       47%         2
 Ensorcelled Hibernation  Hex/Ice        12%        N/A       47%         2
 Lesser Beckoning         Tloc           12%        N/A       47%         2
 Scorch                   Fire           12%        2d5       47%         2
 Static Discharge         Conj/Air       12%        3-4/arc   47%         2
 Frozen Ramparts          Ice            12%        1d2       71%         3
 Hailstorm                Conj/Ice       6%         3d5       71%         3
 Maxwell's Portable Pile  Tloc           6%         2d(5-15)  71%         3
 Passwall                 Erth           6%         N/A       71%         3
 Swiftness                Air            6%         N/A       71%         3
 Teleport Other           Tloc           6%         N/A       71%         3
 Airstrike                Air            3%         2d(1-17)  98%         4
 Cause Fear               Hex            3%         N/A       98%         4
 Flame Wave               Conj/Fire      6%         2d5       98%         4
 Petrify                  Alch/Erth      6%         N/A       98%         4
 Summon Lightning Spire   Summ/Air       6%         N/A       98%         4
 Fireball                 Conj/Fire      3%         3d4       100%        5
 Irradiate                Conj/Alch      3%         3d12      100%        5
 Dispersal                Tloc           3%         N/A       100%        6
 Sculpt Simulacrum        Ice/Alch       3%         N/A       100%        6
 Summon Cactus Giant      Summ           3%         N/A       100%        6
 Haunt                    Necr/Summ      16%        N/A       100%        7
 Rimeblight               Ice/Necr       16%        2d5       (prima100%   7
 Borgnjor's Revivificati  Necr           28%        N/A       100%        8
 Fulsome Fusillade        Conj/Alch      3%         (3-5)d4   100%        8
 Infestation              Necr           28%        N/A       100%        8
 Death's Door             Necr           28%        N/A       100%        9
 Dragon's Call            Summ           3%         N/A       100%        9


Dungeon Overview and Level Annotations

Branches:
Dungeon (10/15)            Temple (0/1) D:5            Lair (5/5) D:10
  Swamp (0/4) Lair:3        Snake (0/4) Lair:3        Slime (0/5) Lair:4
    Orc (1/2) D:10         Bailey (visited)           IceCv (visited)

Altars:
Dithmenos
Fedhas
Gozag
Kikubaaqudgha
Makhleb
Okawaru
Qazlal
Xom
Yredelemnul
Jiyva

Annotations:
D:3 1 runed translucent door, Crazy Yiuf
D:10 4 transporters, olddryhag's ghost, journeyman CoWn


Innate Abilities, Weirdness & Mutations

You have a pair of large antennae on your head. (SInv)
A demonic guardian rushes to your aid.
Your magical and physical power is slightly enhanced at high health.
Your movements are less encumbered by armour. (ER -4)
You are shadowed, sometimes releasing foul flame when damaged in melee.


Message History

Press: ? - help, Dir - move target, f/p - orc sorcerer
Aim: an orc sorcerer, wielding a +0 dagger and wearing a +2 robe of willpower (ally target, umbra, about 26% to evade your +1 spear of pain)
You reach to attack!
You puncture the orc sorcerer!
The orc sorcerer writhes in agony!
The orc sorcerer is heavily wounded.
Unknown command.
Unknown command.
You hit the orc sorcerer.
The orc sorcerer writhes in agony.
The orc sorcerer is severely wounded.
The kobold blastminer shoots a bolt.
The bolt hits your orc zombie!!
Your orc zombie is destroyed!
The kobold blastminer blasts its cannon at you.
The iron shot hits you but does no damage.
The kobold blastminer is knocked back by the blast.
Unknown command.
You hit the orc sorcerer.
The orc sorcerer is severely wounded.
The orange demon stings you but does no damage.
You block the orc sorcerer's attack.
Your orc zombie hits the kobold blastminer but does no damage.
Unknown command.
Unknown command.
You miss the orc sorcerer.
The orc sorcerer is severely wounded.
The kobold blastminer blasts its cannon at you.
The iron shot hits you!!
The kobold blastminer is knocked back by the blast.
Unknown command.
Unknown command.
You hit the orc sorcerer.
The orc sorcerer is almost dead.
The orange demon misses you. The orc sorcerer casts a spell at you.
The bolt of fire hits you!!
* * * LOW HITPOINT WARNING * * *
Your orc zombie barely misses the kobold blastminer.
The kobold blastminer blasts its cannon at you.
The iron shot hits you!!
You die...
Kikubaaqudgha rasps: You have failed me!
Welcome... death!

. ..#.##
.##.#...#.
##....#....
##.$........
#.........#
##.........##
#...#.#.4...#
#....>@o.....
##....Z)$....
##........Z...
##.#.......K...
##..........K...
##...............
#..........#.....
#......##.....
##..#...##.#. ,


You could see an orange demon (summoned), 2 kobold blastminers, an orc sorcerer
(ally target), a friendly orc zombie and a friendly orc warrior zombie.

Vanquished Creatures
  Rupert (Lair:4)
  A frost giant (IceCv)
  A catoblepas (Lair:5)
  2 hydras (Lair:5)
  10 death yaks
  Sonja (Lair:2)
  A skyshark (Lair:3)
  2 spriggan druids (Lair:3)
  A necromancer (Lair:4)
  A wolf spider (Lair:5)
  An ugly thing (IceCv)
  3 elephants (Lair:5)
  11 black mambas
  2 guardian serpents
  An ice statue (IceCv)
  An unseen horror (D:9)
  13 cane toads
  6 rime drakes
  6 komodo dragons
  Psyche (D:10)
  7 polar bears
  2 hornets (Lair:5)
  5 blink frogs (Lair:2)
  4 dream sheep (Lair:5)
  36 yaks
  15 wyverns
  A wraith (D:10)
  3 basilisks
  3 steam dragons
  Menkaure (D:7)
  An acid dragon (D:9)
  17 water moccasins
  3 elephant zombies (Lair:4)
  A sky beast (D:7)
  2 ice beasts
  8 orc warriors
  7 black bears
  An ogre (D:4)
  3 centaurs
  14 wolves
  A kobold brigand (D:8)
  14 bullfrogs
  A komodo dragon zombie (Lair:4)
  2 gnoll sergeants
  2 scorpions
  2 wights (D:10)
  8 killer bees (D:9)
  8 electric eels
  2 howler monkeys
  A bombardier beetle (D:4)
  5 hounds
  A basilisk zombie (Lair:4)
  4 jellies
  5 orc priests
  11 orc wizards
  4 iguanas
  19 gnolls
  6 adders
  A shadow imp (D:6)
  2 white imps
  5 dart slugs
  2 ribbon worms (D:2)
  45 orcs
  5 ball pythons
  8 bats
  6 endoplasms
  7 giant cockroaches
  30 goblins
  10 hobgoblins
  8 jackals
  21 kobolds
  7 quokkas
  2 frilled lizards
  2 rats
457 creatures vanquished.

Vanquished Creatures (collateral kills)
  A two-headed ogre (D:10)
  A death yak (Lair:5)
  A skyshark (Lair:5)
  An elephant (Lair:5)
  A black mamba (Lair:5)
  5 cane toads
  3 rime drakes
  2 ice devils (Lair:4)
  2 polar bears (Lair:1)
  A hornet (Lair:5)
  4 wyverns (Lair:5)
  A redback (Lair:5)
  9 yaks
  4 water moccasins (Lair:5)
  2 orc warriors
  A swamp drake (D:10)
  2 wolves
  A kobold brigand (D:6)
  A gnoll sergeant (D:7)
  A wight (D:10)
  2 killer bees (D:9)
  An electric eel (Lair:5)
  A jelly (Lair:4)
  Robin (D:1)
  2 gnolls
  2 orcs (D:10)
  3 kobolds
  A rat (D:2)
57 creatures vanquished.

Vanquished Creatures (others)
  3 death yak zombies (Lair:5)
  A catoblepas zombie (Lair:5)
  A hydra zombie (Lair:5)
  A guardian serpent zombie (Lair:5)
  A black mamba zombie (Lair:5)
  A cane toad zombie (Lair:5)
  A dream sheep zombie (Lair:5)
  3 rime drake zombies
  A wyvern zombie (Lair:5)
  4 water moccasin zombies
  7 polar bear zombies
  9 yak zombies
  7 wolf zombies (IceCv)
  A bullfrog zombie (Lair:4)
  6 orc zombies
  A hobgoblin zombie (Bailey)
  3 kobold zombies (D:8)
51 creatures vanquished.

Grand Total: 565 creatures vanquished

Notes
Turn   | Place    | Note
-------+----------+-------------------------------------------
     0 | D:1      | BubbleThief the Demonspawn Necromancer began the quest for
                  | the Orb.
     0 | D:1      | Reached XP level 1. HP: 13/13 MP: 3/3
   180 | D:1      | Gained mutation: You have a pair of small antennae on your
                  | head. [demonic ancestry]
   180 | D:1      | Reached XP level 2. HP: 19/19 MP: 0/5
   392 | D:1      | Reached skill level 5 in Necromancy
   596 | D:1      | Gained mutation: A weak demonic guardian rushes to your
                  | aid. [demonic ancestry]
   596 | D:1      | Reached XP level 3. HP: 24/24 MP: 4/6
  1149 | D:2      | Noticed Robin
  1157 | D:1      | HP: 1/24 [Robin/puff of flame (11)]
  1159 | D:1      | Killed Robin
  1302 | D:1      | HP: 1/24 [gnoll/+0 flail (7)]
  1402 | D:2      | Gained mutation: You have a pair of antennae on your head.
                  | [demonic ancestry]
  1402 | D:2      | Reached XP level 4. HP: 25/30 MP: 5/8
  2311 | D:3      | Learned a level 3 spell: Vampiric Draining
  2327 | D:3      | Learned a level 4 spell: Animate Dead
  2697 | D:3      | Found a faded altar of an unknown god.
  2831 | D:3      | Gained mutation: You are faintly shadowed, very rarely
                  | releasing foul flame when damaged in melee. [demonic
                  | ancestry]
  2831 | D:3      | Reached XP level 5. HP: 26/35 MP: 1/9
  3200 | D:3      | Found a runed translucent door.
  3201 | D:3      | Noticed Crazy Yiuf
  3349 | D:3      | Got the Opusculum on the Relocated Serac
  3670 | D:4      | Found an ancient bone altar of Kikubaaqudgha.
  3705 | D:4      | Became a worshipper of Kikubaaqudgha
  3892 | D:4      | Reached XP level 6. HP: 41/41 MP: 6/11
  3965 | D:4      | Found a stormy altar of Qazlal.
  3998 | D:4      | Reached skill level 1 in Fighting
  4113 | D:4      | Reached skill level 2 in Fighting
  4184 | D:4      | Noticed an air elemental
  4186 | D:4      | Noticed a water elemental
  4186 | D:4      | Noticed a fire elemental
  4243 | D:4      | Reached skill level 3 in Fighting
  4398 | D:4      | Reached * piety under Kikubaaqudgha
  4398 | D:4      | Received a gift from Kikubaaqudgha
  4402 | D:4      | Found a shadowy altar of Dithmenos.
  4815 | D:4      | Gained mutation: Your movements are slightly less
                  | encumbered by armour. (ER -2) [demonic ancestry]
  4815 | D:4      | Reached XP level 7. HP: 53/53 MP: 6/12
  5502 | D:5      | Entered Level 5 of the Dungeon
  5505 | D:5      | Reached skill level 4 in Fighting
  5744 | D:5      | Found a blossoming altar of Fedhas.
  6047 | D:5      | Learned a level 3 spell: Fugue of the Fallen
  6155 | D:5      | Reached skill level 5 in Fighting
  6322 | D:5      | Found a staircase to the Ecumenical Temple.
  6331 | D:5      | Reached ** piety under Kikubaaqudgha
  6665 | D:6      | Reached skill level 6 in Fighting
  6782 | D:6      | Reached skill level 7 in Fighting
  6782 | D:6      | Gained mutation: You are shadowed, sometimes releasing foul
                  | flame when damaged in melee. [demonic ancestry]
  6782 | D:6      | Reached XP level 8. HP: 37/67 MP: 2/13
  7536 | D:6      | Found a shimmering altar of Xom.
  7569 | D:6      | Reached skill level 1 in Polearms
  7736 | D:7      | Reached skill level 8 in Fighting
  7893 | D:7      | Reached *** piety under Kikubaaqudgha
  7893 | D:7      | Received a gift from Kikubaaqudgha
  8137 | D:7      | Noticed Menkaure
  8148 | D:7      | Learned a level 4 spell: Dispel Undead
  8155 | D:7      | Killed Menkaure
  8383 | D:7      | Gained mutation: Your magical and physical power is
                  | slightly enhanced at high health. [demonic ancestry]
  8383 | D:7      | Reached XP level 9. HP: 48/75 MP: 1/15
  8528 | D:7      | Found an opulent altar of Gozag.
  8986 | D:7      | Noticed a two-headed ogre
  9226 | D:8      | Found a flagged portal.
  9234 | Bailey   | Entered a bailey
  9490 | Bailey   | Reached skill level 9 in Fighting
 10000 | D:8      | Reached skill level 5 in Spellcasting
 10413 | D:8      | Reached **** piety under Kikubaaqudgha
 10654 | D:8      | Found a basalt altar of Yredelemnul.
 11313 | D:9      | Reached skill level 5 in Polearms
 11516 | D:9      | Identified the +1 leather armour "Anisioh" {Rampage rPois
                  | Slay-6}
 11637 | D:9      | Identified the +8 chain mail "Yrchaudyo" {Int+4}
 11925 | D:9      | Killed an unseen horror
 11926 | D:9      | Gained mutation: A demonic guardian rushes to your aid.
                  | [demonic ancestry]
 11926 | D:9      | Reached XP level 10. HP: 76/85 MP: 10/17
 12189 | D:9      | Found a burning altar of Makhleb.
 12313 | D:10     | Entered Level 10 of the Dungeon
 12330 | D:10     | Found a staircase to the Lair.
 12330 | D:10     | Noticed Psyche
 12338 | D:10     | Killed Psyche
 12339 | D:10     | Reached skill level 10 in Fighting
 12412 | D:10     | Found a transporter.
 12419 | Lair:1   | Entered Level 1 of the Lair of Beasts
 12954 | Lair:1   | Reached skill level 10 in Necromancy
 12955 | Lair:1   | Reached ***** piety under Kikubaaqudgha
 12975 | Lair:1   | Noticed a cane toad
 12982 | Lair:1   | Killed a cane toad
 13199 | Lair:1   | Noticed a cane toad
 13203 | Lair:1   | Killed a cane toad
 13502 | Lair:1   | Noticed a cane toad
 13506 | Lair:1   | Killed a cane toad
 13632 | Lair:1   | Noticed a cane toad
 13641 | Lair:1   | Killed a cane toad
 13642 | Lair:1   | Reached XP level 11. HP: 70/90 MP: 18/20
 14241 | Lair:2   | Noticed Sonja
 14247 | Lair:2   | Killed Sonja
 14344 | Lair:2   | Learned a level 5 spell: Curse of Agony
 15713 | Lair:3   | Found a staircase to the Snake Pit.
 15770 | Lair:3   | Reached skill level 10 in Polearms
 15875 | Lair:3   | Noticed a spriggan druid
 15875 | Lair:3   | Noticed a spriggan druid
 15889 | Lair:3   | Gained mutation: You have a pair of large antennae on your
                  | head. (SInv) [demonic ancestry]
 15889 | Lair:3   | Reached XP level 12. HP: 71/97 MP: 16/21
 16530 | Lair:3   | Found a staircase to the Swamp.
 17137 | Lair:4   | Noticed Rupert
 17147 | Lair:4   | Killed Rupert
 17396 | Lair:4   | Reached skill level 1 in Armour
 17396 | Lair:4   | Reached skill level 1 in Shields
 17402 | Lair:4   | Found a frozen archway.
 17419 | IceCv    | Entered an ice cave
 17499 | IceCv    | Noticed a death yak
 17500 | IceCv    | Noticed a death yak
 17516 | IceCv    | Killed a death yak
 17528 | IceCv    | Killed a death yak
 17586 | IceCv    | Noticed a death yak
 17610 | IceCv    | Killed a death yak
 17723 | IceCv    | Identified the +5 pair of boots of Orthodoxy {Will+ Str+4
                  | Dex+4}
 17771 | IceCv    | Noticed a death yak
 17795 | IceCv    | Killed a death yak
 17803 | IceCv    | Reached skill level 11 in Fighting
 17826 | IceCv    | Noticed a frost giant
 17835 | IceCv    | Killed a frost giant
 17836 | IceCv    | Gained mutation: Your movements are less encumbered by
                  | armour. (ER -4) [demonic ancestry]
 17836 | IceCv    | Reached XP level 13. HP: 85/106 MP: 6/22
 18386 | Lair:4   | Reached skill level 5 in Armour
 18386 | Lair:4   | Reached skill level 5 in Shields
 18645 | Lair:4   | Found a viscous altar of Jiyva.
 18646 | Lair:4   | Found a staircase to the Slime Pits.
 18846 | Lair:5   | Entered Level 5 of the Lair of Beasts
 18975 | Lair:5   | Reached skill level 12 in Fighting
 19242 | Lair:5   | Reached skill level 13 in Fighting
 19522 | Lair:5   | Reached XP level 14. HP: 108/118 MP: 23/23
 19870 | Lair:5   | Identified the +0 helmet of Viutezeshu {^Contam rN++ Str+5}
 20428 | D:10     | Found an iron altar of Okawaru.
 20501 | D:10     | Reached ****** piety under Kikubaaqudgha
 20582 | D:10     | Found a transporter.
 20611 | D:10     | Noticed olddryhag's ghost (journeyman CoWn)
 20649 | D:10     | Reached skill level 14 in Fighting
 20665 | D:10     | Found a transporter.
 20704 | D:10     | Found a transporter.
 20862 | D:10     | Found a staircase to the Orcish Mines.
 21076 | D:10     | Received a gift from Kikubaaqudgha (forbidden knowledge)
 21157 | Orc:1    | Entered Level 1 of the Orcish Mines
 21198 | Orc:1    | Killed from afar by a kobold blastminer

Illustrated notes

Levels and vault maps discovered:
D:1:      dpeg_arrival_erosion, layout_basic, minmay_misc_feat_encased
D:2:      layout_rooms, serial_bayou_crossing, uniq_robin
D:3:      layout_basic, shapermc_ecumenical_altar_acropolis, grunt_ministairs_5,
          uniq_crazy_yiuf_cottage
D:4:      layout_layer_cave, nicolae_qazlal_style_of_elements,
          nicolae_dithmenos_the_darkroom, kiku_gazebo_garden_becter,
          minmay_cupped
D:5:      layout_loops_ring, mainiacjoe_overflow_tiny_flanked,
          minmay_temple_entry_ruins, nicolae_twisty_statue_hallways
D:6:      layout_loops_ring, xom_teletrap_fun
D:7:      layout_basic, lemuel_round_altar, uniq_menkaure
D:8:      layout_layer_cave, kennysheep_ying_yang, enter_bailey_6
D:9:      layout_loops_ring, mainiacjoe_overflow_small_starburst
D:10:     gammafunk_worm_tunnel, layout_cave_pools,
          mainiacjoe_overflow_chevrons, erik_orc_1,
          gammafunk_ghost_wrathful_warriors, nicolae_figureground_pulse,
          uniq_psyche
Lair:1:   beast_lair_carwin_large_2, layout_small_grid, st_stairs_10,
          grunt_megastairs_4, serial_bayou_shore_a
Lair:2:   layout_concentric_octagons, uniq_sonja
Lair:3:   layout_long_grid, mainiacjoe_swamp_entry_angry_trees,
          minmay_snake_entry_spellcaster, lemuel_fruit_tree
Lair:4:   pond_and_an_island_with_a_cottage, layout_regular_city,
          nicolae_slime_entry_slimehenge, portal_ice_cave_demonic_guard,
          infiniplex_staircase_pool, uniq_rupert
Lair:5:   hangedman_lair_tendril_chambers, layout_hall_layers, serial_bayou,
          serial_bayou_pond_d, serial_bayou_lagoon_b, serial_bayou_pond_e,
          serial_bayou_pond_d, serial_bayou_shore_b, serial_bayou_pond_a
Orc:1:    layout_caves, sword_in_stone, uniq_harold, uniq_nergalle

Skill      XL: |  1  2  3  4  5  6  7  8  9 10 11 12 13 14 |
---------------+-------------------------------------------+-----
Necromancy     | 5 6 7 8 10 13 | 13.0
Spellcasting   | 3 4 5 6 |  6.0
Fighting       | 3 7 8 9 10 11 13 14 | 14.0
Polearms       | 3 5 7 10 12 | 12.0
Armour         | 4 8 9 |  9.2
Shields        | 4 5 |  5.0
Dodging        | |  1.7
Stealth        | |  1.7

Action                     |  1- 3 |  4- 6 |  7- 9 | 10-12 | 13-15 || total
---------------------------+-------+-------+-------+-------+-------++-------
  Melee: Unarmed           |     6 |       |       |       |       ||     6
         Dagger            |     9 |     7 |       |       |       ||    16
         Flail             |       |     2 |    21 |       |       ||    23
         Halberd           |       |       |    13 |       |       ||    13
         Spear             |       |       |   102 |   427 |   543 ||  1072
   Cast: Necrotise         |    57 |   147 |   231 |    38 |     2 ||   475
         Dispel Undead     |       |       |     2 |       |     8 ||    10
         Vampiric Draining |       |       |    18 |    19 |     6 ||    43
         Animate Dead      |       |       |     3 |     7 |     7 ||    17
         Fugue of the Fall |       |       |     2 |     4 |     2 ||     8
         Curse of Agony    |       |       |       |     6 |     2 ||     8
 Invoke: Receive Forbidden |       |       |       |       |     1 ||     1
  Evoke: Wand              |       |       |     3 |     2 |       ||     5
    Use: Scroll            |       |     2 |     3 |    15 |     1 ||    21
         Potion            |       |       |       |       |     1 ||     1
   Stab: Sleeping          |       |       |       |     7 |     1 ||     8
         Distracted        |       |       |       |     3 |     4 ||     7
 Armour: Robe              |    25 |    11 |    12 |       |       ||    48
         Ring mail         |       |       |   169 |   215 |    23 ||   407
         Chain mail        |       |       |       |       |   183 ||   183
  Dodge: Dodged            |    30 |    14 |   127 |   132 |    76 ||   379
  Block: Buckler           |       |       |       |     4 |    82 ||    86
         Kite shield       |       |       |       |     3 |       ||     3

Table legend: (Time is in decaauts)
 A = Elapsed time spent in this place.
 B = Non-inter-level travel time spent in this place.
 C = Inter-level travel time spent in this place.
 D = Time resting spent in this place.
 E = Time spent auto-exploring this place.
 F = Levels seen in this place.
 G = Mean time per level.
                   A        B        C        D        E       F      G
               +--------+--------+--------+--------+--------+-----+--------+
         Total |  20776 |  20264 |    512 |    716 |  15915 |  18 | 1154.2 |
       Dungeon |  12499 |  12124 |    375 |    273 |   9992 |  10 | 1249.9 |
          Lair |   6747 |   6610 |    137 |    298 |   5129 |   5 | 1349.4 |
  Orcish Mines |     35 |     35 |      0 |      0 |     21 |   1 |   35.0 |
        Bailey |    745 |    745 |      0 |    145 |    364 |   1 |  745.0 |
      Ice Cave |    749 |    749 |      0 |      0 |    409 |   1 |  749.0 |
               +--------+--------+--------+--------+--------+-----+--------+

Top non-repeatable levels by time:
     D:4: 1917 daAuts
  Lair:1: 1788 daAuts
     D:8: 1445 daAuts
  Lair:3: 1413 daAuts
     D:1: 1392 daAuts
     D:3: 1368 daAuts
     D:7: 1349 daAuts
  Lair:2: 1193 daAuts
  Lair:5: 1192 daAuts
     D:5: 1188 daAuts
  Lair:4: 1160 daAuts
     D:9: 1024 daAuts
     D:6: 986 daAuts
    D:10: 918 daAuts
     D:2: 909 daAuts
